BlackHawks vs Rangers

Created - February 2 2012 at 17:19

Goals
1 2 3 T
BlackHawks 1 4 0 5
Rangers 2 0 0 2
Shots
1 2 3 T
BlackHawks 5 11 8 24
Rangers 7 8 12 27

Period #1

1. BlackHawks , Bryan Little 5 (Darren Helm, Jose Theodore) at 4:47 (PP)
2. Rangers , Mike Cammalleri 23 (Ian White, David Perron) at 10:24 (PP)
3. Rangers , Mike Weaver 2 (Frans Nielsen, David Perron) at 11:28

Penalties :
Cal Clutterbuck (NYR) for Hooking (Minor) at 3:20, Chris Campoli (CHI) for Interference (Minor) at 8:44, Cal Clutterbuck (NYR) for Holding (Minor) at 12:28, Chris Campoli (CHI) for Interference (Minor) at 18:32

Period #2

4. BlackHawks , Darren Helm 7 (Hal Gill, Mats Zuccarello) at 2:16 (PP)
5. BlackHawks , Hal Gill 4 (Jay McClement, Mark Eaton) at 8:33
6. BlackHawks , Tyler Kennedy 23 (Mats Zuccarello) at 10:56 (PP)
7. BlackHawks , Joe Thornton 19 (Jay McClement, Mark Eaton) at 18:38

Penalties :
Stephane Robidas (NYR) for Hooking (Minor) at 1:45, Jordan Caron (NYR) for Tripping (Minor) at 3:55, Tom Pyatt (NYR) for Tripping (Minor) at 5:40, Niklas Backstrom (NYR) for Slashing (Minor) at 9:02 - Vinny Prospal served the penalty., Frans Nielsen (NYR) for High sticking (Minor) at 16:04

Period #3

No Goal

Penalties :
Vinny Prospal (NYR) for Hooking (Minor) at 8:52, Mats Zuccarello (CHI) for Interference (Minor) at 12:44, Cal Clutterbuck (NYR) for Interference (Minor) at 14:45

Goalie Stats

Jose Theodore (CHI), 25 saves from 27 shots - (0.926), W, 14-12-3, 60:00 minutes
Niklas Backstrom (NYR), 6 saves from 10 shots - (0.600), L, 20-25-1, 30:56 minutes
Martin Biron (NYR), 13 saves from 14 shots - (0.929), 29:04 minutes

Players Stats

BlackHawks
Player Name              G  A  P  +/- PIM S  H  SB FO    MP 
------------------------------------------------------------
Anton Babchuk            0  0  0   0  0   1  0  0  0/0   23 
Bryan Little             1  0  1   0  0   1  0  0  0/0   0  
Chris Campoli            0  0  0  -1  4   0  2  1  0/0   18 
Cody McCormick           0  0  0   0  0   0  2  0  5/10  21 
Daniel Paille            0  0  0   0  0   0  0  0  0/1   13 
Darren Helm              1  1  2  -1  0   1  1  0  3/4   20 
Hal Gill                 1  1  2   2  0   2  0  1  0/0   19 
Jay McClement            0  2  2   1  0   2  0  0  12/25 22 
Joe Thornton             1  0  1   1  0   4  0  0  9/24  20 
Mark Eaton               0  2  2   2  0   1  0  0  0/0   17 
Mathieu Darche           0  0  0   0  0   3  1  0  0/2   16 
Mats Zuccarello          0  2  2  -1  2   1  2  0  2/3   20 
Mattias Ohlund           0  0  0   0  0   1  2  2  0/0   22 
P.K. Subban              0  0  0   0  0   0  0  0  0/0   0  
Ron Hainsey              0  0  0  -1  0   2  0  3  0/0   21 
Samuel Pahlsson          0  0  0   0  0   2  1  0  4/13  17 
Sean Avery               0  0  0   2  0   1  0  0  0/0   10 
Tyler Kennedy            1  0  1   1  0   2  0  0  0/1   15 
Rangers
Player Name              G  A  P  +/- PIM S  H  SB FO    MP 
------------------------------------------------------------
Cal Clutterbuck          0  0  0  -1  6   1  4  0  0/0   13 
David Perron             0  2  2   0  0   1  2  0  0/1   14 
Frans Nielsen            0  1  1   0  2   1  0  1  10/24 20 
Guillaume Latendresse    0  0  0  -1  0   4  0  0  1/2   13 
Ian White                0  1  1  -1  0   1  0  1  0/0   16 
Jordan Caron             0  0  0   0  2   0  1  0  0/1   9  
Keith Ballard            0  0  0   0  0   1  1  1  0/0   18 
Luke Schenn              0  0  0  -1  0   0  1  1  0/0   19 
Marc Staal               0  0  0   0  0   1  0  4  0/0   23 
Mike Cammalleri          1  0  1   0  0   7  0  0  2/2   15 
Mike Weaver              1  0  1   0  0   1  0  2  0/0   19 
Mikko Koivu              0  0  0   0  0   2  0  0  20/28 21 
Radim Vrbata             0  0  0   0  0   2  0  0  0/0   15 
Scott Gomez              0  0  0  -1  0   3  1  0  15/22 21 
Stephane Robidas         0  0  0   0  2   2  2  1  0/0   23 
Tom Pyatt                0  0  0   0  2   0  0  0  0/2   7  
Troy Brouwer             0  0  0   0  0   0  0  0  0/0   4  
Vinny Prospal            0  0  0   0  2   0  1  0  0/1   14 

3 Stars

1 - Hal Gill (CHI)
2 - Mark Eaton (CHI)
3 - Darren Helm (CHI)

Power Play

BlackHawks - 3 on 9 Attempt(s) - 33.33%
Rangers - 1 on 3 Attempt(s) - 33.33%

Penalty Kill

BlackHawks - 2 on 3 Attempt(s) - 66.67% - Score 0 goal in Penalty Kill
Rangers - 6 on 9 Attempt(s) - 66.67% - Score 0 goal in Penalty Kill

Game Notes

Martin Biron enters game at 10:56 of 2nd period

Finance

Level 1 -- Attendance: 3491 (53.71%) -- Ticket Income $436,375.00
Level 2 -- Attendance: 2895 (57.90%) -- Ticket Income $217,125.00
Level 3 -- Attendance: 1986 (56.74%) -- Ticket Income $99,300.00
Level 4 -- Attendance: 1605 (72.95%) -- Ticket Income $40,125.00
Luxury Box -- Attendance: 642 (64.20%) -- Ticket Income $160,500.00
Game was played at the Madison Square Garden
Total Attendance: 10619 (58.35%)
Total Ticket Income: $1,027,184.00
Other Income: $211,463.40
Total Income: $1,238,647.00


Play by Play

Period #1

0:01 of 1st period - Mikko Koivu wins face-off versus Joe Thornton in neutral zone.
0:19 of 1st period - Shot by Joe Thornton.
0:19 of 1st period - Shot Blocked by Marc Staal.
3:20 of 1st period - Minor Penalty to Cal Clutterbuck for Hooking.
3:21 of 1st period - Scott Gomez wins face-off versus Joe Thornton in Rangers zone.
3:41 of 1st period - Shot by Mats Zuccarello.
3:41 of 1st period - Shot Blocked by Keith Ballard.
3:45 of 1st period - Shot by Ron Hainsey.
3:45 of 1st period - Shot Hit the Post.
3:49 of 1st period - Shot by Mats Zuccarello.
3:49 of 1st period - Shot Misses the Net.
3:51 of 1st period - Shot by Joe Thornton.
3:51 of 1st period - Shot Misses the Net.
3:55 of 1st period - Shot by Joe Thornton.
3:55 of 1st period - Stopped by Niklas Backstrom without a rebound.
3:56 of 1st period - Joe Thornton wins face-off versus Tom Pyatt in Rangers zone.
4:07 of 1st period - Shot by Tyler Kennedy.
4:07 of 1st period - Stopped by Niklas Backstrom with a rebound.
4:47 of 1st period - Shot by Bryan Little.
4:47 of 1st period - Goal by Bryan Little - BlackHawks : 1 - Rangers : 0.
4:48 of 1st period - Frans Nielsen wins face-off versus Jay McClement in neutral zone.
5:15 of 1st period - Shot by Mathieu Darche.
5:15 of 1st period - Stopped by Niklas Backstrom with a rebound.
5:17 of 1st period - Shot by Jay McClement.
5:17 of 1st period - Shot Misses the Net.
5:36 of 1st period - Icing by Chris Campoli.
5:37 of 1st period - Mikko Koivu wins face-off versus Tyler Kennedy in BlackHawks zone.
6:42 of 1st period - Shot by Scott Gomez.
6:42 of 1st period - Shot Misses the Net.
7:21 of 1st period - Vinny Prospal is hit by Samuel Pahlsson and loses puck.
7:32 of 1st period - Shot by Mathieu Darche.
7:32 of 1st period - Shot Misses the Net.
7:34 of 1st period - Shot by Mattias Ohlund.
7:34 of 1st period - Stopped by Niklas Backstrom without a rebound.
7:35 of 1st period - Jay McClement wins face-off versus Frans Nielsen in Rangers zone.
7:38 of 1st period - Shot by Sean Avery.
7:38 of 1st period - Deflect By Cody McCormick.
7:38 of 1st period - Shot Blocked by Frans Nielsen.
7:40 of 1st period - Shot by Hal Gill.
7:40 of 1st period - Shot Blocked by Luke Schenn.
7:44 of 1st period - Shot by Sean Avery.
7:44 of 1st period - Deflect By Jay McClement.
7:44 of 1st period - Shot Misses the Net.
7:46 of 1st period - Shot by Hal Gill.
7:46 of 1st period - Shot Misses the Net.
7:53 of 1st period - Icing by Luke Schenn.
7:54 of 1st period - Joe Thornton wins face-off versus Frans Nielsen in Rangers zone.
8:44 of 1st period - Minor Penalty to Chris Campoli for Interference.
8:45 of 1st period - Mikko Koivu wins face-off versus Joe Thornton in BlackHawks zone.
9:35 of 1st period - Off-side.
9:36 of 1st period - Scott Gomez wins face-off versus Cody McCormick in neutral zone.
9:39 of 1st period - Mattias Ohlund is hit by Scott Gomez and loses puck.
10:24 of 1st period - Shot by Mike Cammalleri.
10:24 of 1st period - Goal by Mike Cammalleri - BlackHawks : 1 - Rangers : 1.
10:25 of 1st period - Scott Gomez wins face-off versus Jay McClement in neutral zone.
10:39 of 1st period - Scott Gomez is hit by Chris Campoli and loses puck.
10:42 of 1st period - Shot by Cal Clutterbuck.
10:42 of 1st period - Deflect By Guillaume Latendresse.
10:42 of 1st period - Shot Misses the Net.
11:26 of 1st period - Shot by Frans Nielsen.
11:26 of 1st period - Shot Misses the Net.
11:28 of 1st period - Shot by Mike Weaver.
11:28 of 1st period - Goal by Mike Weaver - BlackHawks : 1 - Rangers : 2.
11:29 of 1st period - Mikko Koivu wins face-off versus Samuel Pahlsson in neutral zone.
11:33 of 1st period - Marc Staal is hit by Mattias Ohlund and loses puck.
12:28 of 1st period - Minor Penalty to Cal Clutterbuck for Holding.
12:29 of 1st period - Joe Thornton wins face-off versus Frans Nielsen in Rangers zone.
13:18 of 1st period - Shot by Mikko Koivu.
13:18 of 1st period - Deflect By Frans Nielsen.
13:18 of 1st period - Shot Misses the Net.
13:20 of 1st period - Shot by Frans Nielsen.
13:20 of 1st period - Stopped by Jose Theodore with a rebound.
13:27 of 1st period - Icing by Hal Gill.
13:28 of 1st period - Mike Cammalleri wins face-off versus Joe Thornton in BlackHawks zone.
13:36 of 1st period - Icing by Ron Hainsey.
13:37 of 1st period - Joe Thornton wins face-off versus Scott Gomez in BlackHawks zone.
13:53 of 1st period - Off-side.
13:54 of 1st period - Jay McClement wins face-off versus Frans Nielsen in neutral zone.
13:54 of 1st period - Anton Babchuk is hit by Jordan Caron and loses puck.
14:21 of 1st period - Shot by Chris Campoli.
14:21 of 1st period - Shot Blocked by Mike Weaver.
14:23 of 1st period - Shot by Jay McClement.
14:23 of 1st period - Shot Misses the Net.
14:55 of 1st period - Icing by Luke Schenn.
14:56 of 1st period - Frans Nielsen wins face-off versus Jay McClement in Rangers zone.
15:03 of 1st period - Shot by Radim Vrbata.
15:03 of 1st period - Stopped by Jose Theodore without a rebound.
15:04 of 1st period - Jay McClement wins face-off versus Scott Gomez in BlackHawks zone.
16:13 of 1st period - Off-side.
16:14 of 1st period - Frans Nielsen wins face-off versus Joe Thornton in neutral zone.
16:19 of 1st period - Shot by Radim Vrbata.
16:19 of 1st period - Stopped by Jose Theodore without a rebound.
16:20 of 1st period - Frans Nielsen wins face-off versus Joe Thornton in BlackHawks zone.
16:46 of 1st period - Shot by Tyler Kennedy.
16:46 of 1st period - Shot Blocked by Mike Weaver.
16:48 of 1st period - Shot by Hal Gill.
16:48 of 1st period - Shot Misses the Net.
16:52 of 1st period - Shot by Tyler Kennedy.
16:52 of 1st period - Shot Misses the Net.
17:01 of 1st period - Off-side.
17:02 of 1st period - Mikko Koivu wins face-off versus Samuel Pahlsson in neutral zone.
17:24 of 1st period - Icing by Mark Eaton.
17:25 of 1st period - Samuel Pahlsson wins face-off versus Scott Gomez in BlackHawks zone.
17:29 of 1st period - Icing by Anton Babchuk.
17:30 of 1st period - Scott Gomez wins face-off versus Samuel Pahlsson in BlackHawks zone.
18:00 of 1st period - Shot by Guillaume Latendresse.
18:00 of 1st period - Shot Blocked by Chris Campoli.
18:20 of 1st period - Shot by Mats Zuccarello.
18:20 of 1st period - Deflect By Darren Helm.
18:20 of 1st period - Shot Misses the Net.
18:32 of 1st period - Minor Penalty to Chris Campoli for Interference.
18:33 of 1st period - Cody McCormick wins face-off versus Frans Nielsen in BlackHawks zone.
18:45 of 1st period - Shot by Joe Thornton.
18:45 of 1st period - Shot Blocked by Marc Staal.
19:11 of 1st period - Shot by Vinny Prospal.
19:11 of 1st period - Deflect By Radim Vrbata.
19:11 of 1st period - Shot Misses the Net.
19:33 of 1st period - Shot by Mikko Koivu.
19:33 of 1st period - Shot Blocked by Hal Gill.
19:35 of 1st period - Shot by Ian White.
19:35 of 1st period - Stopped by Jose Theodore without a rebound.
19:36 of 1st period - Darren Helm wins face-off versus Mikko Koivu in BlackHawks zone.
19:42 of 1st period - Icing by David Perron.
19:43 of 1st period - Mikko Koivu wins face-off versus Cody McCormick in Rangers zone.
19:52 of 1st period - Shot by Mikko Koivu.
19:52 of 1st period - Stopped by Jose Theodore without a rebound.
19:53 of 1st period - Darren Helm wins face-off versus Mikko Koivu in BlackHawks zone.

Period #2

0:01 of 2nd period - Mikko Koivu wins face-off versus Cody McCormick in neutral zone.
0:40 of 2nd period - Shot by Scott Gomez.
0:40 of 2nd period - Shot Misses the Net.
0:42 of 2nd period - Shot by Ian White.
0:42 of 2nd period - Deflect By Guillaume Latendresse.
0:42 of 2nd period - Stopped by Jose Theodore without a rebound.
0:43 of 2nd period - Frans Nielsen wins face-off versus Daniel Paille in BlackHawks zone.
0:58 of 2nd period - Shot by Radim Vrbata.
0:58 of 2nd period - Deflect By Frans Nielsen.
0:58 of 2nd period - Shot Blocked by Mattias Ohlund.
1:45 of 2nd period - Minor Penalty to Stephane Robidas for Hooking.
1:46 of 2nd period - Scott Gomez wins face-off versus Cody McCormick in Rangers zone.
1:55 of 2nd period - Tom Pyatt is hit by Darren Helm and loses puck.
2:12 of 2nd period - Shot by Hal Gill.
2:12 of 2nd period - Shot Misses the Net.
2:16 of 2nd period - Shot by Darren Helm.
2:16 of 2nd period - Goal by Darren Helm - BlackHawks : 2 - Rangers : 2.
2:17 of 2nd period - Jay McClement wins face-off versus Mikko Koivu in neutral zone.
2:19 of 2nd period - Hal Gill is hit by Vinny Prospal and loses puck.
2:30 of 2nd period - Icing by Stephane Robidas.
2:31 of 2nd period - Jay McClement wins face-off versus Mikko Koivu in Rangers zone.
2:40 of 2nd period - Shot by Mike Cammalleri.
2:40 of 2nd period - Stopped by Jose Theodore with a rebound.
2:44 of 2nd period - Shot by Mike Cammalleri.
2:44 of 2nd period - Stopped by Jose Theodore without a rebound.
2:45 of 2nd period - Joe Thornton wins face-off versus Guillaume Latendresse in BlackHawks zone.
2:51 of 2nd period - Icing by Cal Clutterbuck.
2:52 of 2nd period - Scott Gomez wins face-off versus Samuel Pahlsson in Rangers zone.
3:19 of 2nd period - Shot by Guillaume Latendresse.
3:19 of 2nd period - Stopped by Jose Theodore without a rebound.
3:20 of 2nd period - Cody McCormick wins face-off versus Frans Nielsen in BlackHawks zone.
3:42 of 2nd period - Off-side.
3:43 of 2nd period - Mikko Koivu wins face-off versus Jay McClement in neutral zone.
3:43 of 2nd period - Mikko Koivu is hit by Mats Zuccarello.
3:52 of 2nd period - Icing by Jay McClement.
3:53 of 2nd period - Mikko Koivu wins face-off versus Jay McClement in BlackHawks zone.
3:55 of 2nd period - Minor Penalty to Jordan Caron for Tripping.
3:56 of 2nd period - Mikko Koivu wins face-off versus Joe Thornton in Rangers zone.
4:11 of 2nd period - Shot by Joe Thornton.
4:11 of 2nd period - Shot Misses the Net.
5:40 of 2nd period - Minor Penalty to Tom Pyatt for Tripping.
5:41 of 2nd period - Mike Cammalleri wins face-off versus Joe Thornton in Rangers zone.
6:34 of 2nd period - Mats Zuccarello is hit by Keith Ballard and loses puck.
6:38 of 2nd period - Darren Helm is hit by Stephane Robidas and loses puck.
7:03 of 2nd period - Icing by Cody McCormick.
7:04 of 2nd period - Cody McCormick wins face-off versus Frans Nielsen in BlackHawks zone.
7:25 of 2nd period - Shot by Anton Babchuk.
7:25 of 2nd period - Shot Misses the Net.
7:29 of 2nd period - Shot by Joe Thornton.
7:29 of 2nd period - Shot Misses the Net.
7:31 of 2nd period - Shot by Mathieu Darche.
7:31 of 2nd period - Deflect By Joe Thornton.
7:31 of 2nd period - Stopped by Niklas Backstrom without a rebound.
7:32 of 2nd period - Jay McClement wins face-off versus Scott Gomez in Rangers zone.
8:04 of 2nd period - Daniel Paille is hit by Luke Schenn and loses puck.
8:19 of 2nd period - Hal Gill is hit by Cal Clutterbuck.
8:27 of 2nd period - Shot by Jay McClement.
8:27 of 2nd period - Shot Misses the Net.
8:29 of 2nd period - Shot by Jay McClement.
8:29 of 2nd period - Shot Misses the Net.
8:31 of 2nd period - Shot by Jay McClement.
8:31 of 2nd period - Shot Blocked by Ian White.
8:33 of 2nd period - Shot by Hal Gill.
8:33 of 2nd period - Goal by Hal Gill - BlackHawks : 3 - Rangers : 2.
8:34 of 2nd period - Mikko Koivu wins face-off versus Jay McClement in neutral zone.
8:37 of 2nd period - Shot by Mike Cammalleri.
8:37 of 2nd period - Deflect By Vinny Prospal.
8:37 of 2nd period - Shot Misses the Net.
8:43 of 2nd period - Mikko Koivu is hit by Mats Zuccarello and loses puck.
8:55 of 2nd period - Darren Helm is hit by Stephane Robidas and loses puck.
9:00 of 2nd period - Shot by Darren Helm.
9:00 of 2nd period - Shot Blocked by Stephane Robidas.
9:02 of 2nd period - Shot by Ron Hainsey.
9:02 of 2nd period - Stopped by Niklas Backstrom without a rebound.
9:02 of 2nd period - Minor Penalty to Niklas Backstrom for Slashing.
9:03 of 2nd period - Frans Nielsen wins face-off versus Joe Thornton in Rangers zone.
9:42 of 2nd period - Icing by Darren Helm.
9:43 of 2nd period - Scott Gomez wins face-off versus Joe Thornton in BlackHawks zone.
10:56 of 2nd period - Shot by Tyler Kennedy.
10:56 of 2nd period - Goal by Tyler Kennedy - BlackHawks : 4 - Rangers : 2.
10:56 of 2nd period - Martin Biron enters game.
10:57 of 2nd period - Samuel Pahlsson wins face-off versus Mikko Koivu in neutral zone.
11:30 of 2nd period - Shot by Samuel Pahlsson.
11:30 of 2nd period - Stopped by Martin Biron with a rebound.
11:38 of 2nd period - Samuel Pahlsson is hit by Cal Clutterbuck and loses puck.
13:27 of 2nd period - Shot by Guillaume Latendresse.
13:27 of 2nd period - Stopped by Jose Theodore with a rebound.
13:29 of 2nd period - Shot by Cal Clutterbuck.
13:29 of 2nd period - Shot Blocked by Ron Hainsey.
13:31 of 2nd period - Shot by Scott Gomez.
13:31 of 2nd period - Stopped by Jose Theodore without a rebound.
13:32 of 2nd period - Frans Nielsen wins face-off versus Joe Thornton in BlackHawks zone.
14:03 of 2nd period - Off-side.
14:04 of 2nd period - Scott Gomez wins face-off versus Joe Thornton in neutral zone.
14:11 of 2nd period - Shot by Scott Gomez.
14:11 of 2nd period - Stopped by Jose Theodore without a rebound.
14:12 of 2nd period - Scott Gomez wins face-off versus Cody McCormick in BlackHawks zone.
14:33 of 2nd period - Anton Babchuk is hit by Cal Clutterbuck and loses puck.
14:51 of 2nd period - Icing by Joe Thornton.
14:52 of 2nd period - Mikko Koivu wins face-off versus Joe Thornton in BlackHawks zone.
15:01 of 2nd period - Marc Staal is hit by Cody McCormick and loses puck.
15:20 of 2nd period - Shot by Mats Zuccarello.
15:20 of 2nd period - Shot Misses the Net.
15:24 of 2nd period - Shot by Darren Helm.
15:24 of 2nd period - Shot Blocked by Marc Staal.
16:04 of 2nd period - Minor Penalty to Frans Nielsen for High sticking.
16:05 of 2nd period - Samuel Pahlsson wins face-off versus Tom Pyatt in Rangers zone.
16:10 of 2nd period - Shot by Hal Gill.
16:10 of 2nd period - Stopped by Martin Biron without a rebound.
16:11 of 2nd period - Scott Gomez wins face-off versus Joe Thornton in Rangers zone.
17:10 of 2nd period - Shot by Anton Babchuk.
17:10 of 2nd period - Stopped by Martin Biron with a rebound.
17:52 of 2nd period - Shot by Ron Hainsey.
17:52 of 2nd period - Stopped by Martin Biron without a rebound.
17:53 of 2nd period - Jay McClement wins face-off versus Vinny Prospal in Rangers zone.
18:10 of 2nd period - Shot by Samuel Pahlsson.
18:10 of 2nd period - Stopped by Martin Biron without a rebound.
18:11 of 2nd period - Scott Gomez wins face-off versus Mathieu Darche in Rangers zone.
18:26 of 2nd period - Shot by Keith Ballard.
18:26 of 2nd period - Stopped by Jose Theodore without a rebound.
18:27 of 2nd period - Frans Nielsen wins face-off versus Jay McClement in BlackHawks zone.
18:38 of 2nd period - Shot by Jay McClement.
18:38 of 2nd period - Deflect By Joe Thornton.
18:38 of 2nd period - Goal by Joe Thornton - BlackHawks : 5 - Rangers : 2.
18:39 of 2nd period - Mikko Koivu wins face-off versus Jay McClement in neutral zone.
18:43 of 2nd period - Icing by Chris Campoli.
18:44 of 2nd period - Mikko Koivu wins face-off versus Jay McClement in BlackHawks zone.
18:52 of 2nd period - Icing by Jay McClement.
18:53 of 2nd period - Guillaume Latendresse wins face-off versus Jay McClement in BlackHawks zone.
19:16 of 2nd period - Shot by Scott Gomez.
19:16 of 2nd period - Shot Blocked by Ron Hainsey.
19:20 of 2nd period - Shot by Guillaume Latendresse.
19:20 of 2nd period - Shot Blocked by Ron Hainsey.

Period #3

0:01 of 3rd period - Joe Thornton wins face-off versus Mikko Koivu in neutral zone.
0:26 of 3rd period - Shot by Mike Cammalleri.
0:26 of 3rd period - Shot Misses the Net.
0:54 of 3rd period - Mattias Ohlund is hit by David Perron and loses puck.
2:48 of 3rd period - Troy Brouwer is hit by Chris Campoli and loses puck.
3:05 of 3rd period - Shot by Mikko Koivu.
3:05 of 3rd period - Stopped by Jose Theodore without a rebound.
3:06 of 3rd period - Frans Nielsen wins face-off versus Samuel Pahlsson in BlackHawks zone.
3:15 of 3rd period - Shot by David Perron.
3:15 of 3rd period - Stopped by Jose Theodore without a rebound.
3:16 of 3rd period - Samuel Pahlsson wins face-off versus Frans Nielsen in BlackHawks zone.
3:26 of 3rd period - Icing by Frans Nielsen.
3:27 of 3rd period - Jay McClement wins face-off versus Frans Nielsen in Rangers zone.
3:34 of 3rd period - Shot by Jay McClement.
3:34 of 3rd period - Stopped by Martin Biron without a rebound.
3:35 of 3rd period - Jay McClement wins face-off versus Scott Gomez in Rangers zone.
4:18 of 3rd period - Icing by Keith Ballard.
4:19 of 3rd period - Scott Gomez wins face-off versus Samuel Pahlsson in Rangers zone.
4:24 of 3rd period - Shot by Mathieu Darche.
4:24 of 3rd period - Stopped by Martin Biron without a rebound.
4:25 of 3rd period - Mikko Koivu wins face-off versus Samuel Pahlsson in Rangers zone.
4:25 of 3rd period - Mikko Koivu is hit by Mathieu Darche.
4:43 of 3rd period - Shot by Mathieu Darche.
4:43 of 3rd period - Shot Blocked by Marc Staal.
4:47 of 3rd period - Shot by Mark Eaton.
4:47 of 3rd period - Stopped by Martin Biron without a rebound.
4:48 of 3rd period - Joe Thornton wins face-off versus Frans Nielsen in Rangers zone.
5:17 of 3rd period - Shot by Sean Avery.
5:17 of 3rd period - Stopped by Martin Biron without a rebound.
5:18 of 3rd period - Mikko Koivu wins face-off versus Samuel Pahlsson in Rangers zone.
5:25 of 3rd period - Shot by Marc Staal.
5:25 of 3rd period - Stopped by Jose Theodore without a rebound.
5:26 of 3rd period - Mikko Koivu wins face-off versus Mathieu Darche in BlackHawks zone.
6:22 of 3rd period - Icing by Mike Weaver.
6:23 of 3rd period - Jay McClement wins face-off versus Frans Nielsen in Rangers zone.
7:50 of 3rd period - Shot by Guillaume Latendresse.
7:50 of 3rd period - Shot Misses the Net.
8:47 of 3rd period - Shot by Mike Cammalleri.
8:47 of 3rd period - Shot Misses the Net.
8:52 of 3rd period - Minor Penalty to Vinny Prospal for Hooking.
8:53 of 3rd period - Joe Thornton wins face-off versus Jordan Caron in Rangers zone.
9:05 of 3rd period - Off-side.
9:06 of 3rd period - Darren Helm wins face-off versus Scott Gomez in neutral zone.
10:28 of 3rd period - Shot by Mathieu Darche.
10:28 of 3rd period - Stopped by Martin Biron without a rebound.
10:29 of 3rd period - Mikko Koivu wins face-off versus Mats Zuccarello in Rangers zone.
10:52 of 3rd period - Shot by Ron Hainsey.
10:52 of 3rd period - Shot Misses the Net.
11:08 of 3rd period - Shot by Mike Cammalleri.
11:08 of 3rd period - Stopped by Jose Theodore with a rebound.
11:12 of 3rd period - Shot by Mike Cammalleri.
11:12 of 3rd period - Stopped by Jose Theodore without a rebound.
11:13 of 3rd period - Jay McClement wins face-off versus Scott Gomez in BlackHawks zone.
11:35 of 3rd period - Off-side.
11:36 of 3rd period - Mats Zuccarello wins face-off versus Frans Nielsen in neutral zone.
11:47 of 3rd period - Shot by Jay McClement.
11:47 of 3rd period - Stopped by Martin Biron without a rebound.
11:48 of 3rd period - Mikko Koivu wins face-off versus Samuel Pahlsson in Rangers zone.
11:52 of 3rd period - Marc Staal is hit by Mattias Ohlund.
12:44 of 3rd period - Minor Penalty to Mats Zuccarello for Interference.
12:45 of 3rd period - Cody McCormick wins face-off versus Frans Nielsen in BlackHawks zone.
13:56 of 3rd period - Shot by Scott Gomez.
13:56 of 3rd period - Stopped by Jose Theodore without a rebound.
13:57 of 3rd period - Scott Gomez wins face-off versus Darren Helm in BlackHawks zone.
14:12 of 3rd period - Shot by Stephane Robidas.
14:12 of 3rd period - Stopped by Jose Theodore without a rebound.
14:13 of 3rd period - Cody McCormick wins face-off versus Frans Nielsen in BlackHawks zone.
14:45 of 3rd period - Minor Penalty to Cal Clutterbuck for Interference.
14:46 of 3rd period - Scott Gomez wins face-off versus Jay McClement in Rangers zone.
16:29 of 3rd period - Mike Weaver is hit by Cody McCormick.
16:53 of 3rd period - Mathieu Darche is hit by Cal Clutterbuck and loses puck.
17:36 of 3rd period - Shot by Mike Cammalleri.
17:36 of 3rd period - Stopped by Jose Theodore without a rebound.
17:37 of 3rd period - Jay McClement wins face-off versus David Perron in BlackHawks zone.
17:55 of 3rd period - Shot by Joe Thornton.
17:55 of 3rd period - Stopped by Martin Biron without a rebound.
17:56 of 3rd period - Mats Zuccarello wins face-off versus Mikko Koivu in Rangers zone.
17:57 of 3rd period - Shot by Darren Helm.
17:57 of 3rd period - Deflect By Mats Zuccarello.
17:57 of 3rd period - Stopped by Martin Biron without a rebound.
17:58 of 3rd period - Joe Thornton wins face-off versus Mikko Koivu in Rangers zone.
18:19 of 3rd period - Shot by Stephane Robidas.
18:19 of 3rd period - Stopped by Jose Theodore with a rebound.
18:23 of 3rd period - Shot by Mike Cammalleri.
18:23 of 3rd period - Stopped by Jose Theodore without a rebound.
18:24 of 3rd period - Scott Gomez wins face-off versus Jay McClement in BlackHawks zone.
18:25 of 3rd period - Shot by Guillaume Latendresse.
18:25 of 3rd period - Stopped by Jose Theodore without a rebound.
18:26 of 3rd period - Frans Nielsen wins face-off versus Jay McClement in BlackHawks zone.
19:23 of 3rd period - Mathieu Darche is hit by David Perron and loses puck.
19:42 of 3rd period - Shot by Cal Clutterbuck.
19:42 of 3rd period - Shot Blocked by Mattias Ohlund.
19:44 of 3rd period - Shot by Cal Clutterbuck.
19:44 of 3rd period - Stopped by Jose Theodore without a rebound.
19:45 of 3rd period - Mikko Koivu wins face-off versus Joe Thornton in BlackHawks zone.


Output by the SimonT Hockey Simulator (STHS) for Stephane Roy -- Original Page W3C XHTML 1.0 Valid